AoeStats
← Jermazor

Arabia

508466604Analyzed
2v2 RM · 10d ago on Sep 22, 2026· 41m 51s· 4 players
Game mode
Random Map
Map size
Medium (4 player)
Population
200
Speed
Normal
Resources
Standard
Victory
Conquest
Starting age
Dark Age
Ending age
Imperial Age
RankedLock teamsTeams togetherTeam positionsShared explorationLock speedFull tech treeHidden civsTurbo modeCheats
Victory
Defeat
🇫🇮 Britons · Finland
726
+13
🇫🇮 Italians · Finland
661
+16
🇦🇩 Vikings · Andorra
662
-15
🇧🇷 Japanese · Brazil
657
-14
olucat
2:02 Loom
9:47 Feudal Age
11:56 Man-at-Arms
15:10 Arson
17:37 Double-Bit Axe
28:53 Castle Age
26:52 Horse Collar
27:12 Gold Mining
29:57 Bloodlines
30:01 Scale Barding Armor
29:58 Scale Mail Armor
30:09 Forging
29:22 Long Swordsman
30:52 Husbandry
Fedo
0:31 Loom
12:39 Feudal Age
13:06 Double-Bit Axe
13:04 Horse Collar
18:21 Town Watch
20:06 Gold Mining
21:08 Forging
21:24 Stone Mining
21:28 Fletching
22:27 Arson
25:47 Padded Archer Armor
31:27 Castle Age
32:21 Bow Saw
32:24 Treadmill Crane
33:24 Elite Skirmisher
34:21 Leather Archer Armor
35:22 Ballistics
35:55 Masonry
36:33 Scale Mail Armor
37:16 Murder Holes
37:31 Bodkin Arrow
39:18 Iron Casting
38:35 Guard Tower
Jermazor
11:19 Feudal Age
12:11 Double-Bit Axe
12:09 Horse Collar
16:03 Man-at-Arms
23:07 Castle Age
23:31 Crossbowman
23:37 Pikeman
24:04 Arson
27:02 Squires
27:53 Bow Saw
27:35 Gold Mining
28:34 Heavy Plow
28:27 Fletching
28:47 Forging
28:39 Scale Mail Armor
28:39 Padded Archer Armor
30:51 Stone Mining
31:37 Gold Shaft Mining
32:21 Long Swordsman
32:49 Gambesons
34:44 Wheelbarrow
41:40 Bodkin Arrow
42:01 Leather Archer Armor
44:28 Imperial Age
jesper.eronen
0:32 Loom
11:35 Feudal Age
12:18 Horse Collar
12:27 Double-Bit Axe
13:31 Wheelbarrow
22:19 Gold Mining
22:19 Stone Mining
26:35 Castle Age
24:42 Scale Mail Armor
24:35 Fletching
24:45 Padded Archer Armor
32:58 Bow Saw
34:03 Heavy Plow
40:14 Imperial Age
38:11 Heated Shot
38:42 Ballistics
38:47 Bodkin Arrow
43:20 Chemistry
Connection lost

Rejoining the realm…

Still unreachable

The connection could not be restored.

Session expired

The server has moved on; the page needs a fresh start.